 Dungeon Crawl Stone Soup version 0.21-a0-265-gb353147 (webtiles) character file.

323 Kidiri the Magician (level 6, -20/32 HPs)
             Began as a Deep Elf Fire Elementalist on Sept 12, 2017.
             Engulfed by a cloud of flame (23 damage)
             ... on level 3 of the Dungeon.
             The game lasted 00:10:34 (2374 turns).

Kidiri the Magician (Deep Elf Fire Elementalist)    Turns: 2374, Time: 00:10:35

Health: -20/32     AC:  5    Str:  5    XL:     6   Next: 23%
Magic:  2/17       EV: 13    Int: 22    God:
Gold:   160        SH:  0    Dex: 15    Spells: 4/17 levels left

rFire    . . .     SeeInvis .   e - +0 dagger
rCold    . . .     Gourm    .   (no shield)
rNeg     . . .     Faith    .   a - +0 robe
rPois    .         Spirit   .   (no helmet)
rElec    .         Reflect  .   o - +0 cloak
rCorr    .         Harm     .   d - +1 pair of gloves
MR       .....                  (no boots)
Stlth    ++........             s - amulet of regeneration
HPRegen  0.50/turn              (no ring)
MPRegen  0.15/turn              (no ring)

@: no status effects
A: no striking features
a: no special abilities


You were on level 3 of the Dungeon.
You were not hungry.

You visited 1 branch of the dungeon, and saw 3 of its levels.

You collected 160 gold pieces.

Inventory:

Hand Weapons
 e - a +0 dagger (weapon)
 t - a +1 vampiric short sword
Armour
 a - a +0 robe (worn)
 d - a +1 pair of gloves (worn)
 o - a +0 cloak (worn)
Jewellery
 s - an amulet of regeneration (around neck)
Scrolls
 m - 2 scrolls of amnesia
 n - a scroll of immolation
 v - a scroll of teleportation
Potions
 f - a potion of lignification
 h - a potion of mutation {unknown}
 i - a potion of berserk rage
 j - a potion of ambrosia
 k - a potion of might
 l - a potion of curing {unknown}
 p - a potion of brilliance {unknown}
 r - 3 potions of resistance {unknown}
Books
 b - a book of Flames

   Spells                             Type                      Level
   a - Flame Tongue                   Conjuration/Fire             1
   b - Throw Flame                    Conjuration/Fire             2
   c - Conjure Flame                  Conjuration/Fire             3
   d - Inner Flame                    Hexes/Fire                   3
   e - Sticky Flame                   Conjuration/Fire             4
   f - Fireball                       Conjuration/Fire             5
Comestibles
 c - 4 bread rations
 g - a royal jelly
 q - 2 meat rations
 u - 4 fruits
 w - 2 chunks of flesh


   Skills:
 - Level 2.4 Dodging
 - Level 2.4 Stealth
 * Level 6.2 Spellcasting
 + Level 3.8 Conjurations
 + Level 4.8 Fire Magic


You had 4 spell levels left.
You knew the following spells:

 Your Spells              Type           Power        Failure   Level  Hunger
a - Flame Tongue          Conj/Fire      ####.        1%          1    None
b - Throw Flame           Conj/Fire      ####..       2%          2    None
c - Conjure Flame         Conj/Fire      ####....     4%          3    #......
d - Inner Flame           Hex/Fire       ###.....     10%         3    #......
e - Sticky Flame          Conj/Fire      ####....     14%         4    ###....


Dungeon Overview and Level Annotations

Branches:
Dungeon (3/15)

Altars:
Okawaru
Ru


Message History

Purgy burns!
Purgy burns!
Purgy stops burning.
Casting: Sticky Flame
Confirm with . or Enter, or press ? or * to list all spells.
Aiming: Flame Tongue
Press: ? - help, Shift-Dir - straight line, f/p - Purgy
Aim: Purgy (almost dead, inner flame)
The flame tongue hits Purgy.
Purgy explodes!
The fiery explosion engulfs you!
Ouch! That really hurt!
* * * LOW HITPOINT WARNING * * *
Your Spellcasting skill increases to level 6!
You have reached level 6!
Your experience leads to an increase in your attributes!
Increase (S)trength, (I)ntelligence, or (D)exterity?
You feel clever.
You are engulfed in blazing flames.
Ouch! That really hurt!
You die...

#..≈.≈.# #.≈.≈.≈#
#.#...## #.#.≈.#
#.#...##### ##########
#.#.≈.#...###........#
#.#...#.#.<##........#
#.#.≈.#.##)##.§§§>...###
..#...#...)...§§@......#
..#≈_≈#.##..#.§.§......#
###≈≈≈#..............###
#######.#(.......#####
.......!.........#
##......#........#
##.###.#........#
#.##..#........#
###.##.##........#


There were no monsters in sight!

Vanquished Creatures
  Purgy (D:3)
  2 orc priests (D:3)
  5 adders
  2 oozes
  A worm (D:2)
  2 dart slugs (D:1)
  4 leopard geckos
  7 orcs (D:3)
  6 bats
  5 giant cockroaches
  8 goblins
  10 hobgoblins
  6 jackals (D:2)
  4 quokkas
  3 frilled lizards (D:1)
  17 kobolds
  12 rats
95 creatures vanquished.

Notes
Turn   | Place    | Note
-------+----------+-------------------------------------------
     0 | D:1      | Kidiri the Deep Elf Fire Elementalist began the quest for the Orb.
     0 | D:1      | Reached XP level 1. HP: 10/10 MP: 6/6
   161 | D:1      | Reached XP level 2. HP: 15/15 MP: 8/8
   165 | D:1      | Learned a level 2 spell: Throw Flame
   711 | D:1      | Reached XP level 3. HP: 19/19 MP: 8/10
   716 | D:1      | Learned a level 3 spell: Conjure Flame
   720 | D:1      | Learned a level 3 spell: Inner Flame
   870 | D:2      | Reached skill level 4 in Spellcasting
   907 | D:2      | Reached XP level 4. HP: 12/24 MP: 3/12
  1438 | D:2      | Found an iron altar of Okawaru.
  1921 | D:3      | Reached XP level 5. HP: 28/28 MP: 1/14
  1960 | D:3      | Learned a level 4 spell: Sticky Flame
  2120 | D:3      | Reached skill level 5 in Spellcasting
  2299 | D:3      | Found a sacrificial altar of Ru.
  2327 | D:3      | Noticed Purgy
  2374 | D:3      | Killed Purgy
  2374 | D:3      | Reached skill level 6 in Spellcasting
  2374 | D:3      | Reached XP level 6. HP: 3/32 MP: 2/17
  2374 | D:3      | Engulfed by a cloud of flame

Vault maps used:
D:1:      lightli_arrival_noodles, minmay_crystal_water, bh_walls_and_bars
D:2:      overflow_temple_1_default, grunt_ministairs_7
D:3:      nicolae_ru_path_of_blood, uniq_purgy

Skill      XL: |  1  2  3  4  5 |
---------------+----------------+-----
Conjurations   | 2 3 |  3.8
Spellcasting   | 4 6 |  6.2
Fire Magic     | 4 |  4.8
Dodging        | |  2.4
Stealth        | |  2.4

Action                   |  1- 3 |  4- 6 || total
-------------------------+-------+-------++-------
Melee: Dagger            |    24 |    86 ||   110
 Cast: Flame Tongue      |    50 |    84 ||   134
       Sticky Flame      |       |     3 ||     3
       Inner Flame       |       |     2 ||     2
       Conjure Flame     |       |     1 ||     1
  Use: Scroll            |       |     9 ||     9
 Stab: Sleeping          |     7 |     3 ||    10
  Eat: Chunk             |       |     5 ||     5
Armor: Robe              |     7 |    32 ||    39
Dodge: Dodged            |    42 |    82 ||   124

Table legend:
 A = Spawn XP
 B = Non-spawn XP
 C = Spawn XP percentage of total XP
 D = Spawn monster count
 E = Non-spawn monster count
 F = Spawn count percentage of total count
 G = Total turns spent on level
                    A         B        C        D         E        F      G
               +---------+---------+-------+---------+---------+-------+---------
         Total |       0 |     462 |   0.0 |       0 |      95 |   0.0 |  2374
               +---------+---------+-------+---------+---------+-------+---------
           D:1 |       0 |      52 |   0.0 |       0 |      28 |   0.0 |   780
           D:2 |       0 |     100 |   0.0 |       0 |      36 |   0.0 |   962
           D:3 |       0 |     310 |   0.0 |       0 |      31 |   0.0 |   632
               +---------+---------+-------+---------+---------+-------+---------
